 Dungeon Crawl Stone Soup version 0.23.0 (webtiles) character file.

Game seed: 5522595311727004417

6740 Ivernyr the Destroyer (level 11, -10/81 HPs)
             Began as a Naga Wizard on Feb 18, 2019.
             Was a Priest of Cheibriados.
             Mangled by a gargoyle
             ... wielding a +0 mace
              (17 damage)
             ... on level 8 of the Dungeon.
             The game lasted 01:17:23 (10552 turns).

Ivernyr the Destroyer (Naga Wizard)                Turns: 10552, Time: 01:17:24

Health: -10/81     AC:  6    Str: 17    XL:     11   Next: 4%
Magic:  7/23       EV: 13    Int: 34    God:    Cheibriados [***...]
Gold:   568        SH:  5    Dex: 22    Spells: 17/26 levels left

rFire    . . .     SeeInvis +   j - +0 morningstar
rCold    . . .     Gourm    .   q - +0 buckler
rNeg     . . .     Faith    .   a - +1 robe of Tygief {Dex+5}
rPois    +         Spirit   .   b - +0 hat
rElec    .         Reflect  .   l - scarf {repulsion}
rCorr    .         Harm     .   i - +0 pair of gloves
MR       +....                  (no barding)
Stlth    ++........             h - amulet of regeneration
HPRegen  0.63/turn              M - ring of wizardry
MPRegen  0.18/turn              t - +6 ring of intelligence

@: heavily drained, repel missiles, very slow
A: large, see invisible, deformed body, poison resistance, slowness 2, slow
metabolism 1, spit poison 1, AC +3
a: Spit Poison, Bend Time, Temporal Distortion, Renounce Religion


You were on level 8 of the Dungeon.
You worshipped Cheibriados.
Cheibriados was most pleased with you.
You were not hungry.

You visited 2 branches of the dungeon, and saw 10 of its levels.
You also visited: Sewer and Ossuary.

You collected 568 gold pieces.

Inventory:

Hand Weapons
 j - a +0 morningstar (weapon)
Armour
 a - the +1 robe of Tygief (worn) {Dex+5}
   (You took it off a wight on level 8 of the Dungeon)

   It affects your dexterity (+5).
 b - a +0 hat (worn)
 i - a +0 pair of gloves (worn)
 l - a scarf of repulsion (worn)
 q - a +0 buckler (worn)
Jewellery
 f - an uncursed ring of resist corrosion
 h - an amulet of regeneration (around neck)
 t - a +6 ring of intelligence (right hand)
 I - a +2 ring of dexterity
 M - a ring of wizardry (left hand)
Wands
 w - a wand of polymorph (9)
 H - a wand of scattershot (4)
 L - a wand of flame (12)
Scrolls
 c - 7 scrolls of identify
 k - 2 scrolls of immolation {unknown}
 n - 8 scrolls of remove curse
 s - a scroll of blinking {unknown}
 y - 2 scrolls of random uselessness {unknown}
 z - a scroll of amnesia {unknown}
 B - a scroll of enchant weapon {unknown}
 C - a scroll of vulnerability {unknown}
 E - 3 scrolls of magic mapping {unknown}
 F - 2 scrolls of fog {unknown}
 K - a scroll of enchant armour {unknown}
Potions
 e - 2 potions of lignification {unknown}
 g - 9 potions of curing {unknown}
 m - a potion of mutation {unknown}
 o - a potion of haste {unknown}
 p - 3 potions of agility {unknown}
 r - 4 potions of cancellation {unknown}
 u - 7 potions of flight {unknown}
 v - 2 potions of might {unknown}
 A - a potion of invisibility {unknown}
 D - 2 potions of degeneration {unknown}
 G - 2 potions of brilliance {unknown}
 J - a potion of ambrosia {unknown}
Comestibles
 d - 16 rations


   Skills:
 + Level 5.8(4.6) Dodging
 - Level 3.0(1.8) Stealth
 - Level 3.0(1.9) Shields
 + Level 8.0(6.6) Spellcasting
 * Level 10.9(9.5) Conjurations
   Level 1.0(0.0) Summonings
 - Level 1.0(0.0) Translocations
 + Level 5.5(4.2) Invocations


You had 17 spell levels left.
You knew the following spells:

 Your Spells              Type           Power        Failure   Level  Hunger
a - Magic Dart            Conj           ####         1%          1    None
b - Blink                 Tloc           N/A          2%          2    None
c - Conjure Flame         Conj/Fire      #####...     1%          3    None
d - Mephitic Cloud        Conj/Pois/Air  ####....     1%          3    None

Your spell library contained the following spells:

 Spells                   Type           Power        Failure   Level  Hunger
 Beastly Appendage        Tmut           ##....       1%          1    None
 Call Imp                 Summ           ##......     2%          2    None
 Slow                     Hex            ##......     2%          2    None
 Sticks to Snakes         Tmut           ##......     2%          2    None
 Spider Form              Tmut/Pois      ##........   4%          3    None
 Ice Form                 Ice/Tmut       ##......     16%         4    ##.....
 Blade Hands              Tmut           ##........   41%         5    ####...


Dungeon Overview and Level Annotations

Branches:
Dungeon (9/15)             Temple (1/1) D:7            Lair (0/6) D:8
    Orc: D:9-12

Altars:
Ashenzari
Cheibriados
Dithmenos
Elyvilon
Fedhas
Gozag
Hepliaklqana
Kikubaaqudgha
Makhleb
Nemelex Xobeh
Okawaru
Qazlal
Ru
Sif Muna
Trog
Uskayaw
Vehumet
Wu Jian
Xom
Yredelemnul
Zin
The Shining One

Shops:
D:5 (

Annotations:
D:3 2 transporters


Innate Abilities, Weirdness & Mutations

You cannot wear boots.
Your serpentine skin is tough. (AC +3)
You have supernaturally acute eyesight. (SInv)
Armour fits poorly on your strangely shaped body.
Your system is resistant to poisons. (rPois)
You cover ground very slowly.
You have a slow metabolism.
You can spit poison.


Message History

There is a stone staircase leading down here.
The gargoyle completely misses you. The gargoyle hits you with a +0 mace!
* * * LOW HITPOINT WARNING * * *
You block the gargoyle's attack.
The gargoyle hurls a stone arrow at you.
The stone arrow misses you.
There is a stone staircase leading up here.
Casting: Blink (safe; 2% risk of failure)
Confirm with . or Enter, or press ? or * to list all spells.
You blink.
Casting: Blink (safe; 2% risk of failure)
Confirm with . or Enter, or press ? or * to list all spells.
You blink.
The gargoyle hurls a stone arrow at you.
The stone arrow is repelled.
The gargoyle hits you with a +0 mace!
* * * LOW HITPOINT WARNING * * *
The gargoyle hits you with a +0 mace!
You die...

#......# #####......#
...........#
...........############
...........'.........>#
...........#........#.#
........)).#.######.#.#
.....###(###.#....<.#.#
......##(# #.#.#@.#.#.#
P...♣...(# #.#.#.9#.#.#
....PP...# #.#.#..#.#.#
.P.......# #.#.#.§#.#.#
......P..# #.#.#..#.#.#
.P......P# #.#.#..#.#.#
.>.......# #.#.#..#.#.#
.P.......# #.#.#..#.#.#
...PP♣..P# #.#.#..#.#.#


You could see a gargoyle.

Vanquished Creatures
  2 two-headed ogres (D:8)
  A troll (D:8)
  2 hippogriffs (D:8)
  4 yaks (D:8)
  A hungry ghost (D:9)
  2 basilisks
  2 porcupines (D:8)
  2 black bears (D:7)
  A sky beast (D:4)
  5 ogres
  4 phantoms
  2 ice beasts
  2 crocodiles (D:8)
  3 big kobolds
  3 bullfrogs
  10 scorpions
  2 killer bees (D:8)
  4 wights
  2 howler monkeys
  A crimson imp (D:6)
  2 bullfrog zombies
  5 centaur zombies
  A jelly (D:7)
  2 quasits
  2 bullfrog skeletons
  4 hounds
  A human zombie (Ossuary)
  4 orc priests
  A centaur skeleton (D:4)
  5 orc wizards
  Ijyb (D:5)
  4 worker ants
  A killer bee zombie (D:7)
  2 big kobold zombies (Ossuary)
  4 mummies
  9 gnolls
  12 adders
  6 river rats
  A scorpion zombie (Ossuary)
  A howler monkey skeleton (D:8)
  A shadow imp (D:7)
  2 oozes
  3 worms
  4 dart slugs
  2 leopard geckos
  26 orcs
  7 ball pythons
  7 giant cockroaches
  3 gnoll zombies (Ossuary)
  13 goblins
  15 hobgoblins
  2 jackals (Sewer)
  4 quokkas
  A ball python skeleton (D:6)
  9 bats
  5 frilled lizards
  4 goblin zombies
  3 hobgoblin zombies (Ossuary)
  A jackal skeleton (D:5)
  19 kobolds
  6 kobold zombies (Ossuary)
  A leopard gecko skeleton (D:4)
  2 orc zombies (Ossuary)
  10 rats
  A plant (D:5)
274 creatures vanquished.

Vanquished Creatures (collateral kills)
  A killer bee (D:8)
1 creature vanquished.

Vanquished Creatures (others)
  A plant (D:5)
1 creature vanquished.

Grand Total: 276 creatures vanquished

Notes
Turn   | Place    | Note
-------+----------+-------------------------------------------
     0 | D:1      | Ivernyr the Naga Wizard began the quest for the Orb.
     0 | D:1      | Reached XP level 1. HP: 15/15 MP: 4/4
   109 | D:1      | Reached XP level 2. HP: 16/22 MP: 0/6
   113 | D:1      | Learned a level 2 spell: Blink
   580 | D:1      | Reached XP level 3. HP: 28/28 MP: 8/8
   585 | D:1      | Learned a level 3 spell: Conjure Flame
   589 | D:1      | Learned a level 3 spell: Mephitic Cloud
  1037 | D:2      | Found a hazy altar of Hepliaklqana.
  1225 | D:2      | Reached skill level 2 in Conjurations
  1506 | D:2      | Reached XP level 4. HP: 36/36 MP: 9/9
  1867 | D:3      | Reached skill level 3 in Conjurations
  1867 | D:3      | Reached XP level 5. HP: 42/42 MP: 6/10
  1909 | D:3      | Reached skill level 1 in Shields
  2134 | D:3      | Found a transporter.
  2146 | D:3      | Found a transporter.
  2393 | D:3      | Noticed an ogre
  2438 | D:3      | Killed an ogre
  2438 | D:3      | Reached skill level 4 in Conjurations
  2438 | D:3      | Reached XP level 6. HP: 48/49 MP: 3/12
  3034 | D:4      | Found a sand-covered staircase.
  3043 | Ossuary  | Entered an ossuary
  3120 | Ossuary  | Reached XP level 7. HP: 35/55 MP: 10/13
  3272 | Ossuary  | Reached skill level 5 in Conjurations
  3502 | Ossuary  | Reached skill level 5 in Spellcasting
  3787 | Ossuary  | Reached skill level 6 in Conjurations
  3787 | Ossuary  | Reached XP level 8. HP: 62/62 MP: 10/15
  4628 | D:5      | Entered Level 5 of the Dungeon
  4829 | D:5      | Found a sparkling altar of Nemelex Xobeh.
  4841 | D:5      | Noticed Ijyb
  4863 | D:5      | Reached skill level 7 in Conjurations
  4918 | D:5      | Killed Ijyb
  5038 | D:5      | Found a shadowy altar of Dithmenos.
  5058 | D:5      | Found an ornate altar of the Wu Jian Council.
  5203 | D:5      | Found Highoymp's Weapon Shop.
  5924 | D:6      | Found a sparkling altar of Nemelex Xobeh.
  6065 | D:6      | Reached XP level 9. HP: 57/68 MP: 18/18
  6224 | D:6      | Found a glowing drain.
  6236 | Sewer    | Entered a sewer
  6399 | Sewer    | Reached skill level 8 in Conjurations
  6431 | Sewer    | Found a white marble altar of Elyvilon.
  6899 | D:7      | Found a staircase to the Ecumenical Temple.
  6925 | Temple   | Entered the Ecumenical Temple
  6932 | Temple   | Became a worshipper of Cheibriados the Contemplative
  6988 | D:7      | Found a shadowy altar of Dithmenos.
  7272 | D:7      | Found a bloodstained altar of Trog.
  7277 | D:7      | Reached skill level 1 in Invocations
  7664 | D:8      | Reached * piety under Cheibriados
  7670 | D:8      | Reached skill level 9 in Conjurations
  7698 | D:7      | Reached XP level 10. HP: 10/75 MP: 2/20
  7849 | D:8      | HP: 3/75 [crocodile (7)]
  7992 | D:8      | Found a staircase to the Lair.
  8268 | D:8      | Reached skill level 5 in Dodging
  8400 | D:8      | Reached ** piety under Cheibriados
  8453 | D:8      | Noticed a two-headed ogre
  8482 | D:8      | Killed a two-headed ogre
  8482 | D:8      | Reached skill level 10 in Conjurations
  9060 | D:8      | Noticed a two-headed ogre
  9066 | D:8      | Killed a two-headed ogre
  9066 | D:8      | Reached skill level 5 in Invocations
  9456 | D:9      | Noticed a gargoyle
  9528 | D:9      | Identified the +1 robe of Tygief {Dex+5}
  9580 | D:9      | Found a stormy altar of Qazlal.
  9792 | D:8      | Reached XP level 11. HP: 68/81 MP: 5/22
  9922 | D:8      | Reached *** piety under Cheibriados
 10509 | D:9      | HP: 4/81 [gargoyle/stone arrow (26)]
 10552 | D:8      | Mangled by a gargoyle

Skill      XL: |  1  2  3  4  5  6  7  8  9 10 11 |
---------------+----------------------------------+-----
Dodging        | 2 3 4 5 |  5.8
Conjurations   | 2 3 4 6 7 9 10 | 10.9
Spellcasting   | 4 5 6 7 8 |  8.0
Shields        | 1 2 3 |  3.0
Invocations    | 3 5 |  5.5
Stealth        | |  3.0
Summonings     | |  1.0
Translocations | |  1.0

Action                   |  1- 3 |  4- 6 |  7- 9 | 10-12 || total
-------------------------+-------+-------+-------+-------++-------
Melee: Unarmed           |     8 |       |       |       ||     8
       Spear             |     6 |    18 |       |       ||    24
       Morningstar       |       |    96 |   265 |    91 ||   452
 Cast: Magic Dart        |    46 |    62 |   171 |   173 ||   452
       Mephitic Cloud    |       |     9 |    16 |    10 ||    35
       Conjure Flame     |       |     1 |    16 |    18 ||    35
       Blink             |       |       |     4 |    33 ||    37
 Abil: Spit Poison       |    24 |    25 |    48 |    19 ||   116
  Use: Scroll            |       |       |     5 |     1 ||     6
 Stab: Confused          |       |     1 |     3 |     2 ||     6
       Sleeping          |       |     2 |       |       ||     2
  Eat: Chunk             |     2 |     6 |     9 |     8 ||    25
       Ration            |       |       |     2 |       ||     2
Armor: Robe              |     6 |    51 |   108 |    48 ||   213
Dodge: Dodged            |    16 |   129 |   193 |   133 ||   471
       Deflected         |       |       |       |    13 ||    13
Block: Buckler           |       |       |    71 |    70 ||   141
